 Dungeon Crawl Stone Soup version 0.29-a0-994-gc5c9f59d18 (webtiles) character file.

Game seed: 11273264740302685456

65 vurker the Vexing (level 4, -1/42 HPs)
             Began as an Ogre Enchanter on Aug 3, 2022.
             Slain by an orc
             ... wielding a +0 morningstar
              (2 damage)
             ... on level 2 of the Dungeon.
             The game lasted 00:03:40 (3586 turns).

vurker the Vexing (Ogre Enchanter)                  Turns: 3586, Time: 00:03:40

Health: -1/42      AC:  3    Str: 14    XL:     4   Next: 14%
Magic:  7/7        EV: 10    Int: 16    God:
Gold:   55         SH:  0    Dex:  9    Spells: 7/7 levels left

rFire   . . .      SeeInvis .   a - +1 dagger
rCold   . . .      Faith    .   (no shield)
rNeg    . . .      Spirit   .   b - +0 robe
rPois   .          Reflect  .   (helmet restricted)
rElec   .          Harm     .   (no cloak)
rCorr   .          Rampage  .   (gloves unavailable)
Will    .....                   (boots unavailable)
Stlth   ++........              (no amulet)
HPRegen 0.14/turn               (no ring)
MPRegen 0.10/turn               (no ring)

@: no status effects
A: large, unfitting armour, tough skin 1
a: no special abilities


You were on level 2 of the Dungeon.
You visited 1 branch of the dungeon, and saw 2 of its levels.

You collected 55 gold pieces.

Inventory:

Hand Weapons
 a - a +1 dagger (weapon)
 e - a +0 club
   (You took it off a goblin on level 1 of the Dungeon)
Armour
 b - a +0 robe (worn)
Potions
 c - 2 potions of invisibility
 d - 3 potions of flight {unknown}
 f - a potion of might {unknown}
 i - 2 potions of curing {unknown}
 k - a potion of brilliance {unknown}


   Skills:
 + Level 2.1 Fighting
 - Level 0.8 Short Blades
 * Level 1.9 Maces & Flails
 - Level 0.6 Armour
 + Level 2.4 Dodging
 - Level 2.1 Stealth
 - Level 2.4 Spellcasting
 - Level 2.6 Hexes


You had 7 spell levels left.
You didn't know any spells.
Your spell library contained the following spells:

 Spells                   Type           Power      Damage    Failure   Level
 Slow                     Hex            40%        N/A       7%          1
 Ensorcelled Hibernation  Hex/Ice        12%        N/A       17%         2
 Confusing Touch          Hex            10%        N/A       21%         3
 Tukima's Dance           Hex            10%        N/A       21%         3
 Dazzling Flash           Conj/Hex       12%        N/A       34%         3


Dungeon Overview and Level Annotations

Branches:
Dungeon (2/15)

Altars:


Innate Abilities, Weirdness & Mutations

You are too large for most types of armour.
You have tough skin. (AC +1)


Message History

A hobgoblin is nearby!
You hit the hobgoblin. The hobgoblin hits you.
You closely miss the hobgoblin. The hobgoblin barely misses you.
You hit the hobgoblin. The hobgoblin barely misses you.
You hit the hobgoblin but do no damage. The hobgoblin hits you.
You hit the hobgoblin but do no damage. The hobgoblin hits you.
You hit the hobgoblin but do no damage. You hit the hobgoblin.
You kill the hobgoblin!
No target in view!
No target in view!
You see here a hobgoblin corpse.
You see here a +0 robe.
You open the door.
There is an open door here.
There is a stone staircase leading up here.
There is an open door here.
A frilled lizard comes into view.
A frilled lizard is nearby!
A frilled lizard is nearby!
A frilled lizard is nearby!
The frilled lizard hisses angrily.
You hear a shout! x2
You hit the frilled lizard.
You kill the frilled lizard!
An orc wizard comes into view. It is wielding a +0 dagger.
You hit the orc wizard but do no damage.
An orc comes into view. It is wielding a +0 morningstar.
The orc wizard barely misses you.
You barely miss the orc wizard. You hit the orc but do no damage.
An orc comes into view. It is wielding a +0 flail.
You barely miss the orc. The orc hits you with a +0 morningstar!
You closely miss the orc. The orc misses you.
You completely miss the orc. The orc barely misses you.
You barely miss the orc. The orc closely misses you.
You hit the orc but do no damage. The orc closely misses you.
You hit the orc but do no damage. The orc hits you with a +0 morningstar!
The orc wizard gestures wildly while chanting.
The orc wizard flickers and vanishes!
Deactivating autopickup; reactivate with Ctrl-A.
You barely miss the orc. The orc hits you with a +0 morningstar.
* * * LOW HITPOINT WARNING * * *
The orc attacks as you move away! The orc hits you with a +0 morningstar!
* * * LOW HITPOINT WARNING * * *
The orc attacks as you move away! The orc barely misses you.
The orc attacks as you move away! The orc barely misses you.
The orc attacks as you move away! The orc hits you with a +0 morningstar!
* * * LOW HITPOINT WARNING * * *
The orc attacks as you move away! The orc hits you with a +0 morningstar.
You die...

###.#+######.#
#######..........#
#.........########
#.######### # #.#
# #.# # #.# # #.#
. # #@# .. ####o#
#.. .#### #..o.#
.. .....
#####{####.##...
.####
#......o........
#.###.####.####.
#.# # #.# #.#


You could see 2 orcs.

Vanquished Creatures
  Jessica (D:2)
  A worm (D:2)
  A dart slug (D:1)
  4 ball pythons
  3 bats (D:2)
  2 endoplasms
  6 goblins
  5 hobgoblins
  3 quokkas (D:2)
  2 frilled lizards (D:2)
  4 rats
32 creatures vanquished.

Notes
Turn   | Place    | Note
-------+----------+-------------------------------------------
     0 | D:1      | vurker the Ogre Enchanter began the quest for the Orb.
     0 | D:1      | Reached XP level 1. HP: 16/16 MP: 3/3
   404 | D:1      | Reached skill level 1 in Fighting
   447 | D:1      | Reached XP level 2. HP: 24/27 MP: 5/5
  1502 | D:2      | HP: 1/27 [worm (5)]
  1520 | D:2      | HP: 1/27 [bat (1)]
  1525 | D:2      | Reached skill level 1 in Maces & Flails
  1861 | D:2      | Reached XP level 3. HP: 6/33 MP: 6/6
  2984 | D:2      | Noticed Jessica
  3012 | D:2      | Killed Jessica
  3013 | D:2      | Reached XP level 4. HP: 9/42 MP: 7/7
  3245 | D:2      | Got Jessica's Secrets of Jinxing
  3584 | D:2      | HP: 1/42 [orc/+0 morningstar (9)]
  3586 | D:2      | Slain by an orc

Illustrated notes

Levels and vault maps discovered:
D:1:      lightli_arrival_statuegarden, layout_basic
D:2:      layout_basic, minmay_misc_feat_room, kennysheep_jessica_study

Skill      XL: |  1  2  3 |
---------------+----------+-----
Fighting       | 1 2 |  2.1
Dodging        | 2 |  2.4
Maces & Flails | 1 |  1.9
Short Blades   | |  0.8
Armour         | |  0.6
Stealth        | |  2.1
Spellcasting   | |  2.4
Hexes          | |  2.6

Action                   |  1- 3 |  4- 6 || total
-------------------------+-------+-------++-------
Melee: Dagger            |   173 |    33 ||   206
       Punch             |     1 |       ||     1
  Use: Scroll            |     6 |     1 ||     7
       Potion            |     1 |       ||     1
 Stab: Sleeping          |     4 |     1 ||     5
       Invisible         |     1 |       ||     1
Armor: Robe              |    35 |    13 ||    48
Dodge: Dodged            |    69 |    21 ||    90

Table legend: (Time is in decaauts)
 A = Elapsed time spent in this place.
 B = Non-inter-level travel time spent in this place.
 C = Inter-level travel time spent in this place.
 D = Time resting spent in this place.
 E = Time spent auto-exploring this place.
 F = Levels seen in this place.
 G = Mean time per level.
                   A        B        C        D        E       F      G
               +--------+--------+--------+--------+--------+-----+--------+
         Total |   3586 |   3549 |     37 |    734 |   2301 |   2 | 1793.0 |
       Dungeon |   3586 |   3549 |     37 |    734 |   2301 |   2 | 1793.0 |
               +--------+--------+--------+--------+--------+-----+--------+

Top non-repeatable levels by time:
     D:1: 2131 daAuts
     D:2: 1455 daAuts
